 Dungeon Crawl Stone Soup version 0.20.1-1-g8b1a95d66d (webtiles) character file.

1807 NullDivider the Sneak (level 9, -1/61 HPs)
             Began as an Octopode Artificer on Dec 1, 2017.
             Slain by a sky beast (2 damage)
             ... on level 5 of the Dungeon.
             The game lasted 00:27:18 (6149 turns).

NullDivider the Sneak (Octopode Artificer)          Turns: 6149, Time: 00:27:19

Health: -1/61      AC:  1    Str: 12    XL:     9   Next: 9%
Magic:  13/13      EV:  8    Int: 16    God:
Gold:   236        SH:  0    Dex: 15    Spells: 8/8 levels left

rFire    . . .     SeeInvis .   y - +4 dagger
rCold    . . .     Gourm    .   (no shield)
rNeg     . . .     Faith    .   (helmet restricted)
rPois    .         Spirit   .   (no amulet)
rElec    .         Reflect  .   l - +3 ring of intelligence
rCorr    .         Harm     .   (no ring)
MR       .....                  (no ring)
Stlth    +++++.....             (no ring)
Regen    0.2/turn               (no ring)
MPRegen  0.2/turn               (no ring)
                                (no ring)
                                (no ring)

@: held
A: almost no armour, stealthy swim, amphibious, 8 rings, constrict 8, camouflage
1, gelatinous body 1
a: no special abilities


You were on level 5 of the Dungeon.
You were hungry.

You visited 1 branch of the dungeon, and saw 5 of its levels.

You collected 236 gold pieces.

Inventory:

Hand Weapons
 o - a +2 dagger of speed
 u - a +2 short sword of freezing
 y - a +4 dagger (weapon)
Jewellery
 l - a +3 ring of intelligence (left tentacle)
Wands
 b - a wand of flame (10/48)
 c - a wand of enslavement (15/24)
 d - a wand of random effects (15/48)
 k - a wand of lightning (6/15)
 p - a wand of confusion (18/48)
 z - a wand of random effects (24/48)
 G - a wand of iceblast (10/15)
Scrolls
 e - a scroll of enchant armour {unknown}
 g - 2 scrolls of enchant weapon {unknown}
 i - 6 scrolls of teleportation {unknown}
 j - 4 scrolls of remove curse
 m - a scroll of fear {unknown}
 q - a scroll of random uselessness {unknown}
 v - a scroll of recharging {unknown}
 A - a scroll of identify {unknown}
 B - 2 scrolls of amnesia {unknown}
 D - a scroll of magic mapping {unknown}
Potions
 a - a potion of mutation {unknown}
 h - 6 potions of curing
 n - 2 potions of agility {unknown}
 r - 5 potions of ambrosia {unknown}
 s - a potion of invisibility {unknown}
 t - 2 potions of heal wounds {unknown}
 w - a potion of degeneration {unknown}
 x - 7 potions of lignification {unknown}
 H - 2 potions of experience {unknown}
Comestibles
 f - 3 bread rations
 C - 4 royal jellies
 E - a meat ration


   Skills:
 + Level 5.0 Fighting
 + Level 5.2 Short Blades
 + Level 5.0 Dodging
 + Level 7.9 Stealth
 + Level 6.3 Evocations


You had 8 spell levels left.
You didn't know any spells.

Dungeon Overview and Level Annotations

Branches:
Dungeon (5/15)
 Temple: D:4-7

Altars:


Innate Abilities, Weirdness & Mutations

You cannot wear most types of armour.
You are very stealthy in the water. (Stealth+)
You are amphibious.
You can wear up to eight rings at the same time.
You can use your tentacles to constrict eight enemies at once.
Your skin changes colour to match your surroundings (Stealth+).
Your rubbery body absorbs attacks. (AC +1, EV +1)


Message History

* * * LOW HITPOINT WARNING * * *
Something shocks you.
* * * LOW HITPOINT WARNING * * *
The gnoll throws a throwing net.
The throwing net hits you.
You become entangled in the net!
You tear a large gash into the net.
Something hits you.
* * * LOW HITPOINT WARNING * * *
Something shocks you.
* * * LOW HITPOINT WARNING * * *
You struggle against the net.
A sky beast appears from thin air!
Reactivating autopickup.
The sky beast barely misses you.
Evoke which item? (* to show all) (? for menu, Esc to quit)
Aiming: Confuse (will waste charges)
Press: ? - help, Shift-Dir - straight line, f - sky beast
Aim: a sky beast (heavily wounded, chance to defeat MR: 65%)
The sky beast struggles to resist.
Evoking this partially-identified wand wasted a few charges.
The sky beast hits you.
You die...

....#.##..#.#
#........#
#......###
#.....######
...####.....>#
#+ #.####.#
#.####.###
#.#......#
#.#.##@#.#
#.....Y§...#
#....§.#g#.#
#.#.#..#..(..
# #..(.# #.###
...... .# #
#.... # #....


You could see a sky beast and a gnoll.

Vanquished Creatures
  Pikel (D:4)
  Grinder (D:3)
  Sigmund (D:3)
  2 phantoms (D:4)
  A gnoll sergeant (D:3)
  2 scorpions (D:4)
  A howler monkey (D:5)
  A crimson imp (D:5)
  A hound (D:4)
  An orc priest (D:3)
  Crazy Yiuf (D:2)
  Ijyb (D:3)
  Natasha (twice) (D:2)
  3 orc wizards (D:4)
  A worker ant (D:4)
  A howler monkey skeleton (D:5)
  7 adders
  12 gnolls
  A shadow imp (D:5)
  3 worms
  3 dart slugs
  2 leopard geckos (D:4)
  12 orcs
  A ball python (D:3)
  4 giant cockroaches
  6 hobgoblins
  A jackal (D:2)
  2 quokkas
  6 bats
  4 frilled lizards
  11 goblins
  12 kobolds
  6 rats
114 creatures vanquished.

Vanquished Creatures (others)
  A slave (D:4)
  A phantom (D:4)
2 creatures vanquished.

Grand Total: 116 creatures vanquished

Notes
Turn   | Place    | Note
-------+----------+-------------------------------------------
     0 | D:1      | NullDivider the Octopode Artificer began the quest for the Orb.
     0 | D:1      | Reached XP level 1. HP: 13/13 MP: 3/3
   366 | D:1      | Reached XP level 2. HP: 18/18 MP: 4/4
   490 | D:1      | Reached skill level 2 in Stealth
  1398 | D:2      | Reached XP level 3. HP: 18/23 MP: 5/5
  1507 | D:2      | Reached skill level 3 in Stealth
  1940 | D:2      | Reached XP level 4. HP: 17/28 MP: 6/6
  2352 | D:2      | Noticed Natasha
  2360 | D:2      | Killed Natasha
  2422 | D:2      | Noticed Natasha
  2434 | D:2      | Killed Natasha
  2434 | D:2      | Reached skill level 4 in Stealth
  2622 | D:2      | Reached XP level 5. HP: 32/34 MP: 7/7
  2770 | D:2      | Found a runed door.
  2774 | D:2      | Noticed Crazy Yiuf
  2778 | D:2      | Killed Crazy Yiuf
  2966 | D:3      | Noticed Sigmund
  2973 | D:3      | Killed Sigmund
  2973 | D:3      | Reached XP level 6. HP: 41/41 MP: 7/9
  3166 | D:3      | Reached skill level 5 in Stealth
  3540 | D:3      | Noticed Ijyb
  3552 | D:3      | Killed Ijyb
  3552 | D:3      | Reached XP level 7. HP: 38/46 MP: 10/10
  3681 | D:3      | You fall through a shaft!
  4066 | D:3      | Noticed Grinder
  4080 | D:3      | Killed Grinder
  4080 | D:3      | Reached skill level 6 in Stealth
  4080 | D:3      | Reached skill level 5 in Evocations
  4602 | D:4      | Reached XP level 8. HP: 54/54 MP: 11/11
  5365 | D:4      | Noticed Pikel
  5383 | D:4      | Killed Pikel
  5383 | D:4      | Reached skill level 5 in Short Blades
  5383 | D:4      | Reached skill level 7 in Stealth
  5383 | D:4      | Reached XP level 9. HP: 19/60 MP: 13/13
  5763 | D:5      | Entered Level 5 of the Dungeon
  5783 | D:5      | Reached skill level 5 in Fighting
  5798 | D:5      | Reached skill level 5 in Dodging
  6147 | D:5      | HP: 1/61 [something (6)]
  6149 | D:5      | Slain by a sky beast

Skill      XL: |  1  2  3  4  5  6  7  8  9 |
---------------+----------------------------+-----
Stealth        | 2 3 4 5 6 7 |  7.9
Short Blades   | 2 3 4 5 |  5.2
Fighting       | 2 3 4 5 |  5.0
Dodging        | 3 4 5 |  5.0
Evocations     | 4 5 6 |  6.3

Action                   |  1- 3 |  4- 6 |  7- 9 || total
-------------------------+-------+-------+-------++-------
Melee: Short sword       |     6 |       |       ||     6
       Dagger            |    49 |    79 |   162 ||   290
       Constrict         |    15 |    18 |    35 ||    68
       Tentacles         |    14 |    10 |    35 ||    59
Evoke: Wand              |       |     1 |     7 ||     8
  Use: Scroll            |       |       |     1 ||     1
 Stab: Sleeping          |     7 |     9 |     7 ||    23
       Distracted        |       |     1 |     2 ||     3
  Eat: Chunk             |     3 |     5 |     6 ||    14
       Fruit             |       |       |     2 ||     2
Armor: Skin              |     2 |     3 |     3 ||     8
Dodge: Dodged            |    16 |    36 |    68 ||   120
